 Dungeon Crawl Stone Soup version 0.30.0-29-ga12c61a403 (webtiles) character file.

Game seed: 7214183443453767376

46183 qw the Cleaver (level 14, 0/88 HPs)
             Began as a Gargoyle Fighter on June 3, 2023.
             Was an Elder of Okawaru.
             Killed from afar by an oklob plant (8 damage)
             ... with a splash of acid
             ... on level 5 of the Lair of Beasts.
             The game lasted 00:08:30 (16954 turns).

qw the Cleaver (Gargoyle Fighter)                  Turns: 16954, Time: 00:08:31

Health: 0/88       AC: 36    Str: 30    XL:     14   Next: 36%
Magic:  21/21      EV:  8    Int: 10    God:    Okawaru [****..]
Gold:   1225       SH: 17    Dex:  9    Spells: 13/13 levels left

rFire   . . .        Y - +7 war axe
rCold   + . .        s - +0 kite shield
rNeg    + . .        D - +2 crystal plate armour
rPois   inf          h - +2 helmet
rElec   +            B - +0 cloak of Freedom {rC+ Will++}
rCorr   .            c - +2 pair of gloves
SInv    .            m - +0 pair of boots
Will    +++..        A - amulet of reflection Stlth
                     g - +4 ring of protection
HPRegen 0.34/turn    u - +6 ring of strength
MPRegen 0.17/turn

%: reflection
@: about to teleport, heroic, corroded, flying
A: sickness immunity, AC +10, big wings, negative energy resistance 1,
electricity resistance, torment resistance 1, petrification resistance
a: Renounce Religion, Heroism, Finesse


You were on level 5 of the Lair of Beasts.
You worshipped Okawaru.
Okawaru was greatly pleased with you.
You visited 3 branches of the dungeon, and saw 17 of its levels.
You also visited: Gauntlet.

You collected 1659 gold pieces.
You spent 434 gold pieces at shops.


Innate Abilities, Weirdness & Mutations

You are immune to sickness and miasma.
Your stone body is resilient. (AC +10)
You are immune to poison.
Your large and strong wings let you fly.
You resist negative energy. (rN+)
You are resistant to electric shocks. (rElec)
You are resistant to unholy torment.
You are immune to petrification.


   Skills:
 - Level 10.0(15.0) Fighting
 + Level 13.8(18.8) Axes
 - Level 5.0(10.0) Throwing
 - Level 12.0(17.0) Armour
 - Level 2.0(7.0) Dodging
 - Level 11.1(16.1) Shields
 - Level 10.0 Invocations


You had 13 spell levels left.
You didn't know any spells.
Your spell library was empty.

Inventory:

Hand Weapons
 l - a +0 morningstar
 Y - a +7 war axe (weapon)
Missiles
 o - 5 javelins
 p - 13 boomerangs
 r - 5 silver javelins (quivered)
Armour
 a - a +1 cloak of preservation
 c - a +2 pair of gloves (worn)
 h - a +2 helmet (worn)
 k - a scarf of resistance
 m - a +0 pair of boots (worn)
 s - a +0 kite shield (worn)
 B - the +0 cloak of Freedom (worn) {rC+ Will++}
   (You found it in a Gauntlet)

   rC:        It protects you from cold.
   Will:      It greatly increases your willpower.
 D - a +2 crystal plate armour (worn)
Jewellery
 g - a +4 ring of protection (left hand)
 u - a +6 ring of strength (right hand)
 w - a ring of protection from fire
 x - a ring of ice
 y - the ring "Kile" {rElec rF- rC- EV+5 Str+4}
   (You found it on level 2 of the Dungeon)

   [ring of evasion]

   EV:        It affects your evasion (+5).
   Str:       It affects your strength (+4).
   rF:        It makes you vulnerable to fire.
   rC:        It makes you vulnerable to cold.
   rElec:     It insulates you from electricity.
 A - an amulet of reflection (around neck)
Wands
 v - a wand of digging (7)
Scrolls
 b - 9 scrolls of teleportation
 i - 9 scrolls of identify
Potions
 d - 2 potions of might
 e - 3 potions of curing
 f - 7 potions of lignification
 j - 4 potions of heal wounds
 n - 4 potions of attraction
 q - a potion of magic
 t - a potion of resistance
 z - a potion of haste
 C - a potion of cancellation

Dungeon Overview and Level Annotations

Branches:
Dungeon (11/15)            Temple (1/1) D:5            Lair (5/5) D:11
 Shoals (0/4) Lair:3       Spider (0/4) Lair:3        Slime (0/5) Lair:5
Gauntlet (visited)
    Orc: D:9-12

Altars:
Ashenzari
Cheibriados
Dithmenos
Elyvilon
Fedhas
Gozag
Hepliaklqana
Kikubaaqudgha
Makhleb
Nemelex Xobeh
Okawaru
Qazlal
Ru
Sif Muna
Trog
Uskayaw
Vehumet
Wu Jian
Xom
Yredelemnul
Zin
The Shining One
Jiyva

Shops:
D:4 !*   D:8 ?=::

Portals:
Hell: Lair:5

Annotations:
D:7 2 runed translucent doors, qw's ghost, novice GrFi
D:10 3 runed translucent doors, qw's ghost, journeyman GrFi


Message History

Enter note:
Enter note:
Enter note:
Enter note:
Enter note:
Enter note: The oklob plant spits acid at you.
The splash of acid hits you but does no damage.
The acid corrodes you!
Enter note:
Enter note:
Enter note:
Enter note:
Enter note:
Enter note:
Enter note:
Enter note:
Enter note:
Enter note:
Enter note:
Enter note:
Enter note:
Enter note:
Enter note:
Enter note:
Enter note:
Enter note:
16953 ||| READING 10 scrolls of teleportation.
As you read the scroll of teleportation, it crumbles to dust.
You feel strangely unstable. The oklob plant spits acid at you.
The splash of acid hits you but does no damage.
The acid corrodes you!
You slash the oklob plant!
The oklob plant is lightly damaged.
The oklob plant spits acid at you. The splash of acid hits you!!
The oklob plant spits acid at you. The splash of acid hits you!
You die...

#.%...#..#...........P##....<.#
.P...#.##.............#.##...##
.P....##......PP.......(.#...#
#.....##......#..............#
##...........#..#.......#....#
#P......[....#...#...........#
#...........#.................#
#..........P...$..............#
.#..............@.............#
#..............P>............
...............P.P...........
............................
...P.%...P.#........##P.##.
....~~..........##### ###
...~~%~......#..
...~~.~~......## ~.~~.....P.PP.


You could see 3 oklob plants.

Vanquished Creatures
  A minotaur (Gauntlet)
  2 dire elephants (Lair:5)
  3 hydras
  A catoblepas (Lair:3)
  A centaur warrior (D:8)
  Erica (D:8)
  A two-headed ogre (D:10)
  A boulder beetle (D:11)
  4 death yaks (Lair:5)
  Urug (D:11)
  A thrashing horror (Gauntlet)
  Nergalle (D:11)
  A sun demon (Lair:5)
  A skyshark (Lair:4)
  A wizard (Lair:5)
  A swamp dragon (shapeshifter) (D:10)
  Pikel (D:4)
  An oklob plant (Lair:5)
  4 elephants (Lair:5)
  Maurice (D:10)
  5 black mambas
  A smoke demon (Lair:5)
  2 orange demons (Lair:5)
  2 torpor snails
  5 cane toads
  An unseen horror (D:11)
  A rime drake (Lair:4)
  13 komodo dragons
  An ice devil (Lair:5)
  3 red devils (Lair:5)
  3 polar bears
  2 trolls (D:11)
  A hornet (D:9)
  11 blink frogs
  5 shadows
  A jumping spider (Lair:3)
  A culicivora (Lair:3)
  56 yaks
  4 wyverns
  Eustachio (D:4)
  A vampire (D:9)
  A ynoxinul (Gauntlet)
  3 basilisks (D:11)
  3 steam dragons
  Menkaure (D:4)
  4 hell hounds (Lair:5)
  17 water moccasins
  An ice beast (D:7)
  An orc warrior (D:8)
  3 black bears
  8 wolves
  2 ogres
  8 centaurs
  3 phantoms
  2 kobold brigands
  9 bullfrogs
  2 scorpions (D:5)
  A gnoll sergeant (D:11)
  3 wights (D:7)
  5 killer bees (D:8)
  8 howler monkeys
  A jelly (D:4)
  2 hounds
  3 orc priests
  An iguana (D:5)
  4 iron imps (Gauntlet)
  2 gnoll boudas
  3 orc wizards
  2 sleepcaps (D:7)
  2 hell rats (Lair:1)
  4 small abominations (Gauntlet)
  Robin (D:4)
  9 adders
  21 gnolls
  8 river rats
  13 white imps
  2 ufetubi (D:5)
  5 worms
  2 dart slugs
  27 orcs
  8 bats
  An endoplasm (D:1)
  5 giant cockroaches
  18 goblins
  11 hobgoblins
  4 jackals (D:3)
  9 quokkas
  4 ball pythons
  18 kobolds
  11 rats
435 creatures vanquished.

Notes
Turn   | Place    | Note
-------+----------+-------------------------------------------
     0 | D:1      | qw the Gargoyle Fighter began the quest for the Orb.
     0 | D:1      | Reached XP level 1. HP: 14/14 MP: 1/1
     0 | D:1      | 0 ||| qw: Version: 0.2-a-103-g5a998e5
     0 | D:1      | 0 ||| qw: Game counter: 1027
     0 | D:1      | 0 ||| qw: Always use a shield: true
     0 | D:1      | 0 ||| qw: God list: Okawaru
     0 | D:1      | 0 ||| qw: Allow faded altars: false
     0 | D:1      | 0 ||| qw: Do Orc after D:15 true
     0 | D:1      | 0 ||| qw: Do second Lair branch before Depths: true
     0 | D:1      | 0 ||| qw: Lair rune preference: random
     0 | D:1      | 0 ||| qw: Plans: Normal, Zot:1-4, Slime:5, God:TSO, Crypt,
                  | Tomb, Pan, Hells, Abyss, Win
     0 | D:1      | 0 ||| PLANNING D:1-11
   172 | D:1      | Reached skill level 2 in Axes
   342 | D:1      | Reached XP level 2. HP: 19/19 MP: 2/2
   350 | D:1      | 350 ||| DROPPING +0 club.
  1029 | D:1      | 1029 ||| UPGRADING to +0 chain mail.
  1039 | D:1      | 1039 ||| DROPPING +0 scale mail.
  1040 | D:1      | 1040 ||| READING scroll labelled HIOCSUS ZOOB PYOBB.
  1041 | D:1      | 1041 ||| READING 2 scrolls labelled GUANUX JOKHLE.
  1042 | D:1      | 1042 ||| DROPPING scroll of noise.
  1128 | D:2      | Reached skill level 3 in Axes
  1128 | D:2      | Reached XP level 3. HP: 23/23 MP: 3/3
  1277 | D:2      | 1277 ||| Stepping ~*~*~tactically~*~*~ (hiding).
  1281 | D:2      | 1281 ||| Stepping ~*~*~tactically~*~*~ (hiding).
  1388 | D:2      | 1388 ||| DROPPING +0 whip.
  1838 | D:2      | Identified the ring "Kile" {rElec rF- rC- EV+5 Str+4}
  1863 | D:2      | Reached XP level 4. HP: 28/28 MP: 4/4
  2233 | D:2      | 2233 ||| UPGRADING to ring "Kile" {rElec rF- rC- EV+5
                  | Str+4}.
  2234 | D:2      | 2234 ||| READING 2 scrolls labelled LYINTE CIHUAROLIN.
  2235 | D:2      | 2235 ||| READING scroll labelled FIATTORODD.
  2236 | D:2      | 2236 ||| READING scroll labelled LECICK FIUC.
  2241 | D:2      | 2241 ||| READING scroll labelled HEOJUA QEARA.
  2242 | D:2      | 2242 ||| READING scroll labelled FINWIBB ANAECI.
  2243 | D:2      | 2243 ||| READING scroll labelled GUTENT BETUMNI.
  2244 | D:2      | 2244 ||| READING scroll labelled GYLO RAINN.
  2245 | D:2      | 2245 ||| READING 3 scrolls of identify.
  2245 | D:2      | 2245 ||| IDENTIFYING fuming white potion
  2246 | D:2      | 2246 ||| READING 2 scrolls of identify.
  2246 | D:2      | 2246 ||| IDENTIFYING puce potion
  2247 | D:2      | 2247 ||| DROPPING scroll of blinking.
  2248 | D:2      | 2248 ||| DROPPING potion of flight.
  2373 | D:3      | Reached skill level 1 in Throwing
  2503 | D:3      | You fall into a shaft and drop 3 floors!
  2537 | D:6      | 2537 ||| PLANNING SEWER
  2558 | D:6      | Noticed a phantom
  2567 | D:6      | Killed a phantom
  2568 | D:6      | Reached skill level 4 in Axes
  2568 | D:6      | Reached XP level 5. HP: 32/32 MP: 5/5
  2787 | D:6      | Noticed a black bear
  2792 | D:6      | Killed a black bear
  2793 | D:6      | Reached skill level 5 in Axes
  2793 | D:6      | Reached XP level 6. HP: 37/37 MP: 6/6
  2998 | D:6      | 2998 ||| READING scroll of enchant weapon.
  2998 | D:6      | 2998 ||| ENCHANTING +1 war axe.
  3153 | D:6      | 3153 ||| RIP SEWER
  3154 | D:6      | 3154 ||| PLANNING D:1-11
  3156 | D:6      | 3156 ||| UPGRADING to scarf of resistance.
  3161 | D:6      | 3161 ||| READING scroll labelled ROIPTA RUEXT.
  3238 | D:5      | Entered Level 5 of the Dungeon
  3241 | D:5      | 3241 ||| Stepping ~*~*~tactically~*~*~ (stealth).
  3242 | D:5      | 3242 ||| Stepping ~*~*~tactically~*~*~ (stealth).
  3243 | D:5      | 3243 ||| FLEEEEING.
  3244 | D:5      | 3244 ||| FLEEEEING.
  3245 | D:5      | 3245 ||| FLEEEEING.
  3246 | D:5      | 3246 ||| FLEEEEING.
  3247 | D:5      | 3247 ||| FLEEEEING.
  3248 | D:5      | 3248 ||| STAIRDANCE
  3380 | D:4      | Noticed Pikel
  3394 | D:4      | Killed Pikel
  3395 | D:4      | Reached skill level 7 in Axes
  3395 | D:4      | Reached XP level 7. HP: 26/44 MP: 7/7
  3526 | D:3      | Found the +4 robe of Augmentation {Str+4 Int+4 Dex+4}
  3592 | D:3      | Found a broken altar of Ashenzari.
  3866 | D:3      | 3866 ||| DRINKING 2 sedimented brown potions.
  3867 | D:3      | 3867 ||| DRINKING 2 gluggy blue potions.
  3868 | D:3      | 3868 ||| DROPPING potion of invisibility.
  3927 | D:4      | Reached skill level 1 in Dodging
  3927 | D:4      | Reached XP level 8. HP: 46/48 MP: 8/8
  4166 | D:4      | Noticed Robin
  4179 | D:4      | Killed Robin
  4278 | D:4      | Found Qiczenuf's Distillery.
  4282 | D:4      | 4282 ||| BUYING 2 potions of heal wounds (140 gold).
  4282 | D:4      | Bought 2 potions of heal wounds for 140 gold pieces
  4282 | D:4      | 4282 ||| BUYING 2 potions of lignification (84 gold).
  4282 | D:4      | Bought 2 potions of lignification for 84 gold pieces
  4282 | D:4      | 4282 ||| SHOPLISTING 2 potions of mutation (224 gold, have
                  | 68).
  4282 | D:4      | 4282 ||| SHOPLISTING potion of heal wounds (70 gold, have
                  | 68).
  4282 | D:4      | 4282 ||| BUYING potion of lignification (42 gold).
  4282 | D:4      | Bought a potion of lignification for 42 gold pieces
  4511 | D:4      | Noticed Eustachio
  4513 | D:4      | 4513 ||| Stepping ~*~*~tactically~*~*~ (hiding).
  4518 | D:4      | 4518 ||| Stepping ~*~*~tactically~*~*~ (hiding).
  4520 | D:4      | Noticed Menkaure
  4541 | D:4      | Killed Menkaure
  4558 | D:4      | 4558 ||| FLEEEEING.
  4559 | D:4      | 4559 ||| FLEEEEING.
  4560 | D:4      | 4560 ||| Stepping ~*~*~tactically~*~*~ (stealth).
  4572 | D:4      | 4572 ||| FLEEEEING.
  4573 | D:4      | 4573 ||| FLEEEEING.
  4574 | D:4      | 4574 ||| FLEEEEING.
  4575 | D:4      | 4575 ||| FLEEEEING.
  4576 | D:4      | 4576 ||| FLEEEEING.
  4577 | D:4      | 4577 ||| FLEEEEING.
  4578 | D:4      | 4578 ||| FLEEEEING.
  4579 | D:4      | 4579 ||| FLEEEEING.
  4580 | D:4      | 4580 ||| FLEEEEING.
  4581 | D:4      | 4581 ||| FLEEEEING.
  4582 | D:4      | 4582 ||| FLEEEEING.
  4583 | D:4      | 4583 ||| FLEEEEING.
  4584 | D:4      | 4584 ||| FLEEEEING.
  4585 | D:4      | 4585 ||| FLEEEEING.
  4586 | D:4      | 4586 ||| FLEEEEING.
  4587 | D:4      | 4587 ||| FLEEEEING.
  4588 | D:4      | 4588 ||| FLEEEEING.
  4589 | D:4      | 4589 ||| FLEEEEING.
  4590 | D:4      | 4590 ||| FLEEEEING.
  4591 | D:4      | 4591 ||| FLEEEEING.
  4592 | D:4      | 4592 ||| FLEEEEING.
  4593 | D:4      | 4593 ||| FLEEEEING.
  4594 | D:4      | 4594 ||| STAIRDANCE
  4653 | D:3      | 4653 ||| UPGRADING to +0 helmet.
  4658 | D:3      | 4658 ||| UPGRADING to amulet of guardian spirit.
  4663 | D:3      | 4663 ||| READING scroll labelled JUTESI TIYZUAWICHU.
  4664 | D:3      | 4664 ||| READING 2 scrolls of identify.
  4664 | D:3      | 4664 ||| IDENTIFYING emerald potion
  4665 | D:3      | 4665 ||| DROPPING potion of degeneration.
  4684 | D:4      | Killed Eustachio
  4685 | D:4      | Reached skill level 8 in Axes
  4748 | D:4      | Found Luvivofe's Assorted Antiques.
  4762 | D:4      | 4762 ||| SHOPLISTING glowing brass wand (80 gold, have 61).
  4762 | D:4      | 4762 ||| SHOPLISTING potion of might (80 gold, have 61).
  4918 | D:5      | 4918 ||| STAIRDANCE
  5239 | D:5      | Reached skill level 6 in Fighting
  5304 | D:5      | 5304 ||| Stepping ~*~*~tactically~*~*~ (stealth).
  5388 | D:5      | Reached XP level 9. HP: 55/55 MP: 9/9
  5485 | D:5      | Reached skill level 9 in Axes
  5499 | D:5      | Found a staircase to the Ecumenical Temple.
  5500 | D:5      | 5500 ||| PLANNING TEMPLE
  5500 | D:5      | 5500 ||| UPGRADING to +0 pair of boots.
  5514 | Temple   | Entered the Ecumenical Temple
  5747 | Temple   | 5747 ||| PLANNING OKAWARU WORSHIP
  5940 | Temple   | Became a worshipper of Warmaster Okawaru
  5940 | Temple   | 5940 ||| PLANNING D:1-11
  5941 | Temple   | 5941 ||| REMOVING amulet of guardian spirit.
  5946 | Temple   | 5946 ||| DROPPING amulet of guardian spirit.
  5978 | D:5      | 5978 ||| READING scroll of enchant armour.
  5978 | D:5      | 5978 ||| ENCHANTING +0 helmet.
  6639 | D:7      | 6639 ||| Stepping ~*~*~tactically~*~*~ (hiding).
  6704 | D:7      | Reached * piety under Okawaru
  6705 | D:7      | 6705 ||| INVOKING Heroism.
  6788 | D:7      | Reached skill level 1 in Invocations
  6883 | D:7      | Noticed qw's ghost (novice GrFi)
  6884 | D:7      | Found a runed translucent gate.
  6885 | D:7      | Found a runed translucent gate.
  6889 | D:7      | Found a runed translucent gate.
  6891 | D:7      | Noticed a kobold demonologist
  6920 | D:7      | 6920 ||| Stepping ~*~*~tactically~*~*~ (stealth).
  6921 | D:7      | 6921 ||| Stepping ~*~*~tactically~*~*~ (stealth).
  6933 | D:7      | Reached skill level 3 in Invocations
  7184 | D:7      | 7184 ||| DRINKING 2 green potions.
  7185 | D:7      | 7185 ||| DROPPING potion of brilliance.
  7206 | D:8      | Noticed a centaur warrior
  7207 | D:8      | 7207 ||| Stepping ~*~*~tactically~*~*~ (hiding).
  7220 | D:8      | 7220 ||| INVOKING Heroism.
  7228 | D:8      | Killed a centaur warrior
  7228 | D:8      | Reached ** piety under Okawaru
  7229 | D:8      | Reached skill level 10 in Axes
  7229 | D:8      | Reached XP level 10. HP: 35/63 MP: 9/13
  7352 | D:8      | 7352 ||| INVOKING Heroism.
  7448 | D:8      | Found Wenopedu's Magic Scroll Shoppe.
  7454 | D:8      | 7454 ||| BUYING scroll of identify (24 gold).
  7454 | D:8      | Bought a scroll of identify for 24 gold pieces
  7454 | D:8      | 7454 ||| BUYING scroll of identify (24 gold).
  7454 | D:8      | Bought a scroll of identify for 24 gold pieces
  7454 | D:8      | 7454 ||| BUYING scroll of identify (24 gold).
  7454 | D:8      | Bought a scroll of identify for 24 gold pieces
  7454 | D:8      | 7454 ||| BUYING scroll of identify (24 gold).
  7454 | D:8      | Bought a scroll of identify for 24 gold pieces
  7454 | D:8      | 7454 ||| BUYING scroll of teleportation (36 gold).
  7454 | D:8      | Bought a scroll of teleportation for 36 gold pieces
  7454 | D:8      | 7454 ||| BUYING scroll of teleportation (36 gold).
  7454 | D:8      | Bought a scroll of teleportation for 36 gold pieces
  7469 | D:8      | Found Axkot's Jewellery Shop.
  7485 | D:8      | 7485 ||| SHOPLISTING +6 ring of dexterity (432 gold, have
                  | 16).
  7485 | D:8      | 7485 ||| SHOPLISTING amulet of the acrobat (360 gold, have
                  | 16).
  7485 | D:8      | 7485 ||| SHOPLISTING ring of resist corrosion (240 gold,
                  | have 16).
  7608 | D:8      | 7608 ||| Stepping ~*~*~tactically~*~*~ (hiding).
  7610 | D:8      | 7610 ||| INVOKING Heroism.
  7651 | D:8      | 7651 ||| INVOKING Heroism.
  7654 | D:8      | Reached skill level 3 in Throwing
  7798 | D:8      | Found Itauni's Book Shop.
  7841 | D:8      | Noticed Erica
  7842 | D:8      | 7842 ||| INVOKING Heroism.
  7859 | D:8      | 7859 ||| DRINKING 4 potions of curing.
  7859 | D:8      | 7859 ||| (to cure confusion)
  7861 | D:8      | Killed Erica
  8016 | D:8      | 8016 ||| INVOKING Heroism.
  8147 | D:8      | Found Puizoll's Book Shoppe.
  8329 | D:8      | 8329 ||| UPGRADING to +0 plate armour.
  8339 | D:8      | 8339 ||| DROPPING +0 chain mail.
  8340 | D:8      | 8340 ||| UPGRADING to +0 kite shield.
  8350 | D:8      | 8350 ||| DROPPING +0 buckler.
  8351 | D:8      | 8351 ||| UPGRADING to ring of protection from fire.
  8352 | D:8      | 8352 ||| READING 7 scrolls of identify.
  8352 | D:8      | 8352 ||| IDENTIFYING grey potion
  8353 | D:8      | 8353 ||| READING 6 scrolls of identify.
  8353 | D:8      | 8353 ||| IDENTIFYING murky coppery potion
  8354 | D:8      | 8354 ||| READING 5 scrolls of identify.
  8354 | D:8      | 8354 ||| IDENTIFYING fuming red potion
  8355 | D:8      | 8355 ||| DROPPING potion of ambrosia.
  8356 | D:8      | 8356 ||| DROPPING potion of berserk rage.
  8372 | D:9      | 8372 ||| Stepping ~*~*~tactically~*~*~ (stealth).
  8374 | D:9      | 8374 ||| Stepping ~*~*~tactically~*~*~ (hiding).
  8376 | D:9      | 8376 ||| Stepping ~*~*~tactically~*~*~ (hiding).
  8393 | D:9      | 8393 ||| Stepping ~*~*~tactically~*~*~ (stealth).
  8395 | D:9      | 8395 ||| DRINKING 3 potions of curing.
  8395 | D:9      | 8395 ||| (to cure confusion)
  8396 | D:9      | 8396 ||| Stepping ~*~*~tactically~*~*~ (hiding).
  8402 | D:9      | 8402 ||| Stepping ~*~*~tactically~*~*~ (hiding).
  8413 | D:9      | Reached skill level 6 in Shields
  8424 | D:9      | 8424 ||| Stepping ~*~*~tactically~*~*~ (hiding).
  8427 | D:9      | 8427 ||| Stepping ~*~*~tactically~*~*~ (hiding).
  8442 | D:9      | 8442 ||| Stepping ~*~*~tactically~*~*~ (stealth).
  8444 | D:9      | 8444 ||| Stepping ~*~*~tactically~*~*~ (hiding).
  8446 | D:9      | 8446 ||| Stepping ~*~*~tactically~*~*~ (hiding).
  8452 | D:9      | 8452 ||| Stepping ~*~*~tactically~*~*~ (hiding).
  8455 | D:9      | 8455 ||| Stepping ~*~*~tactically~*~*~ (hiding).
  8508 | D:9      | 8508 ||| READING scroll of enchant armour.
  8508 | D:9      | 8508 ||| ENCHANTING +1 helmet.
  8559 | D:9      | 8559 ||| DRINKING 2 potions of curing.
  8559 | D:9      | 8559 ||| (to cure confusion)
  8598 | D:9      | 8598 ||| READING scroll of enchant weapon.
  8598 | D:9      | 8598 ||| ENCHANTING +2 war axe.
  8613 | D:9      | 8613 ||| Stepping ~*~*~tactically~*~*~ (stealth).
  8621 | D:9      | 8621 ||| Stepping ~*~*~tactically~*~*~ (stealth).
  8625 | D:9      | Reached *** piety under Okawaru
  8642 | D:9      | Reached XP level 11. HP: 56/68 MP: 14/14
  8884 | D:9      | Found an ornate altar of the Wu Jian Council.
  8988 | D:9      | 8988 ||| INVOKING Heroism.
  9313 | D:9      | 9313 ||| UPGRADING to +0 pair of gloves.
  9318 | D:9      | 9318 ||| UPGRADING to +6 ring of strength.
  9320 | D:9      | 9320 ||| UPGRADING to +4 ring of protection.
  9322 | D:9      | 9322 ||| UPGRADING to ring "Kile" {rElec rF- rC- EV+5
                  | Str+4}.
  9324 | D:9      | 9324 ||| UPGRADING to +6 ring of strength.
  9326 | D:9      | 9326 ||| DROPPING +6 ring of intelligence.
  9327 | D:9      | 9327 ||| READING 4 scrolls of identify.
  9327 | D:9      | 9327 ||| IDENTIFYING sapphire potion
  9348 | D:10     | Entered Level 10 of the Dungeon
  9348 | D:10     | Noticed a two-headed ogre
  9349 | D:10     | 9349 ||| INVOKING Heroism.
  9357 | D:10     | Killed a two-headed ogre
  9358 | D:10     | Reached skill level 6 in Armour
  9376 | D:10     | 9376 ||| STAIRDANCE
  9384 | D:9      | 9384 ||| INVOKING Heroism.
  9387 | D:9      | Reached skill level 9 in Shields
  9475 | D:10     | Noticed qw's ghost (journeyman GrFi)
  9476 | D:10     | Found a runed translucent gate.
  9477 | D:10     | Found a runed translucent gate.
  9477 | D:10     | Noticed a tengu warrior
  9479 | D:10     | 9479 ||| READING scroll of enchant weapon.
  9479 | D:10     | 9479 ||| ENCHANTING +3 war axe.
  9480 | D:10     | Found a runed translucent gate.
  9668 | D:10     | Reached **** piety under Okawaru
  9668 | D:10     | Noticed Maurice
  9705 | D:10     | Killed Maurice
  9784 | D:10     | 9784 ||| READING scroll of enchant armour.
  9784 | D:10     | 9784 ||| ENCHANTING +0 pair of gloves.
  9840 | D:10     | 9840 ||| DROPPING +0 cloak.
  9856 | D:11     | Noticed Urug
  9856 | D:11     | Noticed a harpy
  9857 | D:11     | 9857 ||| Stepping ~*~*~tactically~*~*~ (hiding).
  9861 | D:11     | 9861 ||| Stepping ~*~*~tactically~*~*~ (stealth).
  9867 | D:11     | 9867 ||| INVOKING Heroism.
  9881 | D:11     | Killed Urug
  9881 | D:11     | a harpy changed into an entropy weaver
  9881 | D:11     | Noticed an entropy weaver (shapeshifter)
  9882 | D:11     | Reached skill level 6 in Invocations
  9882 | D:11     | 9882 ||| FLEEEEING.
  9883 | D:11     | 9883 ||| FLEEEEING.
  9884 | D:11     | 9884 ||| FLEEEEING.
  9885 | D:11     | 9885 ||| STAIRDANCE
 10053 | D:11     | 10053 ||| STAIRDANCE
 10059 | D:10     | an entropy weaver changed into a tarantella
 10061 | D:10     | a tarantella changed into a swamp dragon
 10061 | D:10     | Noticed a swamp dragon (shapeshifter)
 10063 | D:10     | 10063 ||| INVOKING Heroism.
 10067 | D:10     | Killed a swamp dragon
 10068 | D:10     | Reached skill level 11 in Axes
 10169 | D:11     | 10169 ||| INVOKING Heroism.
 10284 | D:11     | Noticed Nergalle
 10285 | D:11     | 10285 ||| Stepping ~*~*~tactically~*~*~ (stealth).
 10286 | D:11     | 10286 ||| Stepping ~*~*~tactically~*~*~ (stealth).
 10287 | D:11     | 10287 ||| INVOKING Heroism.
 10289 | D:11     | 10289 ||| Stepping ~*~*~tactically~*~*~ (hiding).
 10299 | D:11     | Killed Nergalle
 10313 | D:11     | Found a white marble altar of Elyvilon.
 10358 | D:11     | 10358 ||| INVOKING Heroism.
 10436 | D:11     | Identified the +0 ring mail "Lilivori" {Drain rC+ Will-
                  | Dex+4}
 10445 | D:11     | Noticed a boulder beetle
 10446 | D:11     | 10446 ||| INVOKING Heroism.
 10451 | D:11     | 10451 ||| Stepping ~*~*~tactically~*~*~ (hiding).
 10476 | D:11     | 10476 ||| INVOKING Heroism.
 10492 | D:11     | Killed a boulder beetle
 10521 | D:11     | 10521 ||| Stepping ~*~*~tactically~*~*~ (stealth).
 10766 | D:11     | 10766 ||| INVOKING Heroism.
 10848 | D:11     | 10848 ||| DROPPING +1 flail of venom.
 10852 | D:11     | 10852 ||| INVOKING Heroism.
 10855 | D:11     | Reached XP level 12. HP: 73/73 MP: 13/17
 10873 | D:11     | 10873 ||| INVOKING Heroism.
 10890 | D:11     | 10890 ||| Stepping ~*~*~tactically~*~*~ (hiding).
 10947 | D:11     | Found a staircase to the Lair.
 11140 | D:11     | 11140 ||| PLANNING LAIR
 11140 | D:11     | 11140 ||| READING scroll labelled VUCSERONIH.
 11274 | Lair:1   | Entered Level 1 of the Lair of Beasts
 11329 | Lair:1   | 11329 ||| INVOKING Heroism.
 11352 | Lair:1   | Reached skill level 9 in Fighting
 11450 | Lair:1   | 11450 ||| READING scroll of enchant weapon.
 11450 | Lair:1   | 11450 ||| ENCHANTING +4 war axe.
 11555 | Lair:1   | 11555 ||| Stepping ~*~*~tactically~*~*~ (stealth).
 11557 | Lair:1   | 11557 ||| Stepping ~*~*~tactically~*~*~ (stealth).
 11686 | Lair:1   | 11686 ||| Stepping ~*~*~tactically~*~*~ (stealth).
 11737 | Lair:1   | 11737 ||| READING scroll of enchant weapon.
 11737 | Lair:1   | 11737 ||| ENCHANTING +5 war axe.
 11784 | Lair:1   | 11784 ||| INVOKING Heroism.
 11892 | Lair:1   | 11892 ||| READING scroll of enchant armour.
 11892 | Lair:1   | 11892 ||| ENCHANTING +1 pair of gloves.
 11955 | Lair:1   | 11955 ||| Stepping ~*~*~tactically~*~*~ (stealth).
 11984 | Lair:1   | 11984 ||| Stepping ~*~*~tactically~*~*~ (stealth).
 12018 | Lair:1   | Noticed a five-headed hydra
 12019 | Lair:1   | 12019 ||| INVOKING Heroism.
 12024 | Lair:1   | 12024 ||| SWAPPING to +0 morningstar.
 12027 | Lair:1   | Killed a five-headed hydra
 12028 | Lair:1   | 12028 ||| SWAPPING to +6 war axe.
 12466 | Lair:1   | 12466 ||| READING scroll labelled YLICLASM YSKUICK.
 12467 | Lair:1   | 12467 ||| DRINKING 2 bubbling green potions.
 12492 | Lair:2   | 12492 ||| Stepping ~*~*~tactically~*~*~ (stealth).
 12545 | Lair:2   | 12545 ||| INVOKING Heroism.
 12553 | Lair:2   | Reached skill level 9 in Invocations
 12585 | Lair:2   | 12585 ||| INVOKING Heroism.
 12587 | Lair:2   | Received a gift from Okawaru
 12675 | Lair:2   | 12675 ||| Stepping ~*~*~tactically~*~*~ (stealth).
 12676 | Lair:2   | 12676 ||| Stepping ~*~*~tactically~*~*~ (stealth).
 12677 | Lair:2   | 12677 ||| Stepping ~*~*~tactically~*~*~ (stealth).
 12679 | Lair:2   | 12679 ||| Stepping ~*~*~tactically~*~*~ (stealth).
 12680 | Lair:2   | 12680 ||| Stepping ~*~*~tactically~*~*~ (stealth).
 12681 | Lair:2   | 12681 ||| Stepping ~*~*~tactically~*~*~ (stealth).
 12754 | Lair:2   | Identified the +11 falchion "Goblinslayer" {freeze, rElec
                  | Will+}
 12992 | Lair:2   | 12992 ||| Stepping ~*~*~tactically~*~*~ (stealth).
 13048 | Lair:2   | 13048 ||| READING scroll of enchant weapon.
 13048 | Lair:2   | 13048 ||| ENCHANTING +6 war axe.
 13070 | Lair:2   | Reached skill level 12 in Axes
 13205 | Lair:2   | 13205 ||| INVOKING Heroism.
 13319 | Lair:2   | 13319 ||| READING scroll labelled TAYRROIFOA.
 13444 | Lair:3   | 13444 ||| INVOKING Heroism.
 13622 | Lair:3   | 13622 ||| Stepping ~*~*~tactically~*~*~ (hiding).
 13625 | Lair:3   | 13625 ||| Stepping ~*~*~tactically~*~*~ (hiding).
 13627 | Lair:3   | 13627 ||| Stepping ~*~*~tactically~*~*~ (hiding).
 13634 | Lair:3   | Reached XP level 13. HP: 78/80 MP: 20/20
 13639 | Lair:3   | Found a staircase to the Shoals.
 13684 | Lair:3   | Reached skill level 9 in Armour
 13751 | Lair:3   | Found a hole to the Spider Nest.
 13904 | Lair:3   | Reached ***** piety under Okawaru
 14051 | Lair:3   | 14051 ||| INVOKING Heroism.
 14117 | Lair:3   | 14117 ||| Stepping ~*~*~tactically~*~*~ (hiding).
 14122 | Lair:3   | 14122 ||| INVOKING Heroism.
 14123 | Lair:3   | 14123 ||| INVOKING Finesse.
 14240 | Lair:3   | 14240 ||| Stepping ~*~*~tactically~*~*~ (hiding).
 14248 | Lair:3   | 14248 ||| INVOKING Heroism.
 14274 | Lair:3   | 14274 ||| FLEEEEING.
 14275 | Lair:3   | 14275 ||| FLEEEEING.
 14279 | Lair:3   | 14279 ||| FLEEEEING.
 14280 | Lair:3   | 14280 ||| FLEEEEING.
 14281 | Lair:3   | 14281 ||| FLEEEEING.
 14282 | Lair:3   | 14282 ||| FLEEEEING.
 14285 | Lair:3   | 14285 ||| FLEEEEING.
 14286 | Lair:3   | 14286 ||| FLEEEEING.
 14287 | Lair:3   | 14287 ||| FLEEEEING.
 14288 | Lair:3   | 14288 ||| FLEEEEING.
 14293 | Lair:3   | 14293 ||| STAIRDANCE
 14333 | Lair:2   | 14333 ||| READING 8 scrolls of identify.
 14333 | Lair:2   | 14333 ||| IDENTIFYING brown potion
 14506 | Lair:4   | 14506 ||| INVOKING Heroism.
 14547 | Lair:4   | 14547 ||| Stepping ~*~*~tactically~*~*~ (stealth).
 14548 | Lair:4   | 14548 ||| Stepping ~*~*~tactically~*~*~ (stealth).
 14549 | Lair:4   | 14549 ||| Stepping ~*~*~tactically~*~*~ (stealth).
 14551 | Lair:4   | 14551 ||| Stepping ~*~*~tactically~*~*~ (stealth).
 14554 | Lair:4   | 14554 ||| INVOKING Heroism.
 14592 | Lair:4   | Identified the +1 hand axe of Wyrd {protect, rPois Stlth+}
 14809 | Lair:4   | 14809 ||| INVOKING Heroism.
 15114 | Lair:4   | 15114 ||| UPGRADING to amulet of reflection.
 15145 | Lair:5   | Entered Level 5 of the Lair of Beasts
 15146 | Lair:5   | 15146 ||| PLANNING GAUNTLET
 15151 | Lair:5   | 15151 ||| STAIRDANCE
 15229 | Lair:5   | 15229 ||| INVOKING Heroism.
 15359 | Lair:5   | Found a gate leading to a gauntlet.
 15368 | Gauntlet | Entered a Gauntlet
 15368 | Gauntlet | Found a transporter.
 15368 | Gauntlet | Found a transporter.
 15377 | Gauntlet | Found a transporter.
 15380 | Gauntlet | Found a transporter.
 15388 | Gauntlet | Found a transporter.
 15392 | Gauntlet | Found a transporter.
 15396 | Gauntlet | Found a runed translucent door.
 15398 | Gauntlet | Found a runed translucent door.
 15400 | Gauntlet | Found a transporter.
 15415 | Gauntlet | Found a transporter.
 15420 | Gauntlet | Found a runed translucent door.
 15435 | Gauntlet | Found a transporter.
 15436 | Gauntlet | Found a transporter.
 15447 | Gauntlet | Found a transporter.
 15448 | Gauntlet | Found a transporter.
 15553 | Gauntlet | Received a gift from Okawaru
 15637 | Gauntlet | 15637 ||| READING scroll labelled FINOMICHUUN.
 15675 | Gauntlet | 15675 ||| INVOKING Heroism.
 15765 | Gauntlet | Identified the +0 cloak of Freedom {rC+ Will++}
 15770 | Gauntlet | 15770 ||| UPGRADING to +0 cloak of Freedom {rC+ Will++}.
 15792 | Gauntlet | Noticed a minotaur
 15793 | Gauntlet | 15793 ||| Stepping ~*~*~tactically~*~*~ (hiding).
 15794 | Gauntlet | 15794 ||| INVOKING Heroism.
 15795 | Gauntlet | 15795 ||| INVOKING Finesse.
 15805 | Gauntlet | Killed a minotaur
 15934 | Gauntlet | 15934 ||| UPGRADING to +2 crystal plate armour.
 15944 | Gauntlet | 15944 ||| DROPPING +0 plate armour.
 15945 | Gauntlet | 15945 ||| DRINKING 2 fuming ruby potions.
 15973 | Lair:5   | 15973 ||| PLANNING LAIR
 16000 | Lair:5   | 16000 ||| INVOKING Heroism.
 16063 | Lair:5   | 16063 ||| INVOKING Heroism.
 16074 | Lair:5   | 16074 ||| INVOKING Finesse.
 16084 | Lair:5   | Received a gift from Okawaru
 16135 | Lair:5   | 16135 ||| INVOKING Heroism.
 16138 | Lair:5   | 16138 ||| Stepping ~*~*~tactically~*~*~ (water).
 16209 | Lair:5   | 16209 ||| INVOKING Heroism.
 16221 | Lair:5   | Gained mutation: Your large and strong wings let you fly.
                  | [Gargoyle growth]
 16221 | Lair:5   | Reached XP level 14. HP: 88/88 MP: 21/21
 16319 | Lair:5   | 16319 ||| INVOKING Heroism.
 16346 | Lair:5   | 16346 ||| Stepping ~*~*~tactically~*~*~ (stealth).
 16351 | Lair:5   | 16351 ||| INVOKING Finesse.
 16353 | Lair:5   | 16353 ||| SWAPPING to +0 morningstar.
 16361 | Lair:5   | Reached skill level 12 in Armour
 16361 | Lair:5   | 16361 ||| SWAPPING to +7 war axe.
 16457 | Lair:5   | Noticed a dire elephant
 16458 | Lair:5   | 16458 ||| INVOKING Heroism.
 16463 | Lair:5   | Reached skill level 13 in Axes
 16470 | Lair:5   | Killed a dire elephant
 16476 | Lair:5   | 16476 ||| Stepping ~*~*~tactically~*~*~ (stealth).
 16497 | Lair:5   | Noticed a dire elephant
 16498 | Lair:5   | 16498 ||| INVOKING Heroism.
 16509 | Lair:5   | Killed a dire elephant
 16533 | Lair:5   | 16533 ||| Stepping ~*~*~tactically~*~*~ (hiding).
 16546 | Lair:5   | Found a burning altar of Makhleb.
 16547 | Lair:5   | 16547 ||| INVOKING Heroism.
 16558 | Lair:5   | 16558 ||| INVOKING Finesse.
 16559 | Lair:5   | 16559 ||| INVOKING Finesse.
 16778 | Lair:5   | Found a gateway to Hell.
 16864 | Lair:5   | 16864 ||| INVOKING Heroism.
 16865 | Lair:5   | 16865 ||| INVOKING Finesse.
 16870 | Lair:5   | 16870 ||| SWAPPING to +0 morningstar.
 16874 | Lair:5   | 16874 ||| SWAPPING to +7 war axe.
 16937 | Lair:5   | 16937 ||| INVOKING Heroism.
 16938 | Lair:5   | Found a staircase to the Slime Pits.
 16938 | Lair:5   | Found a viscous altar of Jiyva.
 16953 | Lair:5   | 16953 ||| READING 10 scrolls of teleportation.
 16954 | Lair:5   | HP: 8/88 [oklob plant/splash of acid (18)]
 16954 | Lair:5   | Killed from afar by an oklob plant

Levels and vault maps discovered:
D:1:      dpeg_arrival_circle_labyrinth_c, layout_basic, supply_closet_lemuel
D:2:      minmay_general_purpose_star, layout_basic, kennysheep_generic_room_10
D:3:      layout_basic, mainiacjoe_overflow_brackets, minivault_25,
          minmay_tree_intersection
D:4:      layout_loops_corners, serial_shops, shop, shop, uniq_eustachio,
          uniq_pikel, uniq_menkaure, uniq_robin
D:5:      layout_basic, minmay_temple_entry_nine_rooms,
          kennysheep_generic_room_14
D:6:      layout_loops_ring, gup_sewer_entry_spiral
D:7:      layout_rooms, gammafunk_ghost_nasty_kobolds
D:8:      layout_basic, serial_shops, shop, nicolae_shop_peninsula, shop,
          shop_scrolls, nicolae_benzene_ring, chequers_serial_rivers_large_b,
          kennysheep_generic_room_6, uniq_erica
D:9:      layout_roguey, old_standard_altar, hex_large
D:10:     layout_cave_pools, gammafunk_ghost_split, serial_park,
          serial_park_tiny_pond, serial_park_tiny_pond, serial_park_gazebo
          [serial_park_minivault_5x5_6], uniq_maurice
D:11:     layout_rooms, erik_lair_dragon, elyvilon_altar_5, uniq_nergalle,
          uniq_urug
Temple:   mainiacjoe_temple_big_plus
Lair:1:   layout_layer_cave, kennysheep_abandoned_house, grunt_megastairs_5
Lair:2:   layout_regular_city
Lair:3:   layout_cave_pods, minmay_shoals_entry_centaurs,
          spider_nest_entry_funnel_web, portal_ice_cave_entry_imps,
          fungi_pond_lemuel
Lair:4:   layout_misc_corridors, st_stairs_3
Lair:5:   evil_forest, layout_hall_layers, minmay_slime_entry_oklob_open,
          gauntlet_entry_generic, fungi_pond_lemuel, uniq_nessos

Skill      XL: |  1  2  3  4  5  6  7  8  9 10 11 12 13 14 |
---------------+-------------------------------------------+-----
Axes           | 2 3 4 5 7 8 10 11 12 13 | 13.8
Throwing       | 1 2 3 4 5 |  5.0
Fighting       | 4 6 7 8 9 10 | 10.0
Dodging        | 1 2 |  2.0
Armour         | 5 7 8 11 12 | 12.0
Shields        | 4 8 9 10 11 | 11.1
Invocations    | 5 6 10 | 10.0

Action                     |  1- 3 |  4- 6 |  7- 9 | 10-12 | 13-15 || total
---------------------------+-------+-------+-------+-------+-------++-------
  Melee: War axe           |   109 |    82 |   306 |   577 |   377 ||  1451
         Morningstar       |       |       |       |     3 |    10 ||    13
  Throw: Boomerang         |    26 |     2 |    26 |    35 |       ||    89
         Javelin           |       |    31 |    41 |    90 |    65 ||   227
 Invoke: Heroism           |       |       |     2 |    25 |    19 ||    46
         Finesse           |       |       |       |       |     6 ||     6
    Use: Scroll            |     2 |    11 |     3 |    15 |     3 ||    34
         Potion            |       |       |     3 |     4 |     1 ||     8
 Armour: Scale mail        |    24 |       |       |       |       ||    24
         Chain mail        |    44 |    31 |   160 |    41 |       ||   276
         Plate armour      |       |       |       |   295 |   130 ||   425
         Crystal plate arm |       |       |       |       |    91 ||    91
  Dodge: Dodged            |    54 |    47 |   276 |   187 |    91 ||   655
  Block: Buckler           |    24 |    12 |    81 |    22 |       ||   139
         Kite shield       |       |       |       |   256 |   229 ||   485

Table legend:
 A = Non-vault XP
 B = Vault XP
 C = Vault XP percentage of total XP
 D = Non-vault monster count
 E = Vault monster count
 F = Vault count percentage of total count
                 A         B        C        D         E       F
            +---------+---------+-------+---------+---------+-------
      Total |   42456 |   23521 |  35.7 |     316 |     119 |  27.4
            +---------+---------+-------+---------+---------+-------
        D:1 |      27 |       0 |   0.0 |      16 |       0 |   0.0
        D:2 |      67 |       6 |   8.2 |      21 |       3 |  12.5
        D:3 |      44 |       0 |   0.0 |      12 |       0 |   0.0
        D:4 |     315 |    1062 |  77.1 |      30 |      14 |  31.8
        D:5 |     856 |       0 |   0.0 |      17 |       0 |   0.0
        D:6 |     239 |      41 |  14.6 |       5 |       8 |  61.5
        D:7 |    1747 |       0 |   0.0 |      29 |       0 |   0.0
        D:8 |    2402 |     869 |  26.6 |      28 |       2 |   6.7
        D:9 |    2818 |       0 |   0.0 |      26 |       0 |   0.0
       D:10 |    3025 |     493 |  14.0 |      10 |       1 |   9.1
       D:11 |    2400 |    2953 |  55.2 |      23 |       8 |  25.8
     Lair:1 |    3202 |    3108 |  49.3 |      16 |      23 |  59.0
     Lair:2 |    4792 |       0 |   0.0 |      21 |       0 |   0.0
     Lair:3 |    3722 |    1036 |  21.8 |      13 |      18 |  58.1
     Lair:4 |    3659 |     199 |   5.2 |      12 |       1 |   7.7
     Lair:5 |   13141 |   10420 |  44.2 |      37 |      26 |  41.3
   Gauntlet |       0 |    3334 | 100.0 |       0 |      15 | 100.0
            +---------+---------+-------+---------+---------+-------
